 Dungeon Crawl Stone Soup version 0.31.0-11-ge490571c62 (webtiles) character file.

Game seed: 16731443747456490020

43 browni3141 the Covered (level 3, -5/33 HPs)
             Began as a Minotaur Fighter on Jan 28, 2024.
             Slain by Crazy Yiuf
             ... wielding a +2 quarterstaff of chaos
              (8 damage)
             ... while petrified by Crazy Yiuf
             ... on level 2 of the Dungeon.
             The game lasted 00:00:30 (1384 turns).

browni3141 the Covered (Minotaur Fighter)           Turns: 1384, Time: 00:00:30

Health: -5/33      AC: 14    Str: 22    XL:     3   Next: 37%
Magic:  2/2        EV:  2    Int:  5    God:
Gold:   127        SH:  0    Dex:  9    Spells: 2/2 levels left

rFire   . . .        a - +0 war axe
rCold   . . .        c - +0 buckler
rNeg    + + +        o - +0 plate armour
rPois   ∞            (helmet restricted)
rElec   .            (no cloak)
rCorr   .            l - +1 pair of gloves
SInv    .            (no boots)
Will    .....        g - amulet of the acrobat Stlth
                     (no ring)
HPRegen 0.25/turn    (no ring)
MPRegen 0.08/turn

%: acrobat
@: mighty, petrified, fragile (+50% incoming damage)
A: horns 2, retaliatory headbutt
a: no special abilities


You were on level 2 of the Dungeon.
You visited 1 branch of the dungeon, and saw 2 of its levels.

You collected 127 gold pieces.

Inventory:

Hand Weapons
 a - a +0 war axe (weapon)
Armour
 b - a +0 scale mail
 c - a +0 buckler (worn)
 l - a +1 pair of gloves (worn)
 o - a +0 plate armour (worn)
Jewellery
 g - an amulet of the acrobat (around neck)
 p - an amulet of faith
Scrolls
 e - 3 scrolls of identify {unknown}
 i - a scroll of teleportation {unknown}
 n - a scroll of immolation {unknown}
Potions
 d - a potion of might
 f - 3 potions of haste {unknown}
 h - a potion of degeneration {unknown}
 j - a potion of invisibility {unknown}
 k - 3 potions of magic {unknown}
 m - a potion of cancellation {unknown}
 q - 2 potions of enlightenment {unknown}


   Skills:
 + Level 4.0 Fighting
 * Level 3.4 Axes
 + Level 4.1 Armour
 + Level 4.0 Shields


You had 2 spell levels left.
You didn't know any spells.
Your spell library was empty.

Dungeon Overview and Level Annotations

Branches:
Dungeon (2/15)

Altars:

Annotations:
D:2 Crazy Yiuf


Innate Abilities, Weirdness & Mutations

You have a pair of horns on your head.
You reflexively headbutt those who attack you in melee.


Message History

No target in view!
No target in view!
Found a stone staircase leading up.
No target in view!
A ball python comes into view.
The ball python hisses angrily.
A ball python is nearby!
A ball python is nearby!
A ball python is nearby!
You closely miss the ball python. Your headbutt misses the ball python.
The ball python closely misses you. The ball python barely misses you.
A ball python is nearby!
You hit the ball python.
The ball python is severely wounded.
The ball python barely misses you. x2
The ball python bites you but does no damage.
You block the ball python's attack.
You hit the ball python.
You kill the ball python!
No target in view!
You now have 105 gold pieces (gained 13).
You now have 118 gold pieces (gained 13).
A bat comes into view.
You slash the bat!
You kill the bat!
A goblin comes into view. It is wielding a +0 dagger.
The goblin shouts!
The goblin closely misses you. You furiously retaliate!
You headbutt the goblin!
You kill the goblin!
Things that are here:
a +0 dagger; a goblin corpse Key pressed, stopping explore.
You see here 4 poisoned darts.
Found a stone staircase leading down.
No target in view!
No target in view!
You see here a +0 flail.
An endoplasm comes into view.
An endoplasm is nearby!
You hit the endoplasm.
The endoplasm is severely wounded.
The endoplasm barely misses you.
An endoplasm is nearby!
An endoplasm is nearby!
You barely miss the endoplasm. You headbutt the endoplasm.
You kill the endoplasm!
No target in view!
No target in view!
You see here a +0 flail.
You see here a +0 dagger.
Key pressed, stopping explore.
Key pressed, stopping explore.
No target in view!
You now have 127 gold pieces (gained 9).
Key pressed, stopping explore.
No target in view!
No target in view!
e - 3 scrolls labelled BIOFFU VUAHAF (gained 1)
You see here a +0 quarterstaff.
You see here a +0 quarterstaff.
Crazy Yiuf shouts!
Crazy Yiuf screams, "Earwax snail down!"
Key pressed, stopping explore.
No reachable target in view!
Could not explore, unopened runed door.
No reachable target in view!
Could not explore, unopened runed door.
Could not explore, unopened runed door.
No reachable target in view!
Could not explore, unopened runed door.
No reachable target in view!
No reachable target in view!
You open the door. You barely miss Crazy Yiuf. You headbutt Crazy Yiuf.
Crazy Yiuf is moderately wounded.
Crazy Yiuf grits, "Snurf!
Papa ladder shoe."
Crazy Yiuf hits you with a +2 quarterstaff of chaos!
You are confused.
Crazy Yiuf hits you with a +2 quarterstaff of chaos.
Crazy Yiuf draws strength from your wounds!
You bump into the rock wall.
Crazy Yiuf hits you with a +2 quarterstaff of chaos.
You are slowing down.
You bump into the rock wall.
Crazy Yiuf hits you with a +2 quarterstaff of chaos.
Your body becomes as fragile as glass!
Your limbs are stiffening.
You are too confused!
You closely miss Crazy Yiuf. Your headbutt misses Crazy Yiuf.
Crazy Yiuf is lightly wounded.
Crazy Yiuf hits you with a +2 quarterstaff of chaos. x2
Crazy Yiuf burns you.
You have turned to stone.
You feel less confused.
Crazy Yiuf hits you with a +2 quarterstaff of chaos.
You feel very mighty all of a sudden.
Crazy Yiuf screams, "Millenium!
Paint mobile forty-two."
Crazy Yiuf hits you with a +2 quarterstaff of chaos.
You suddenly lose the ability to move!
Crazy Yiuf hits you with a +2 quarterstaff of chaos!
You die...

##### #...#
#.#.# #####
#.#.# #)..#
#.#.# #...#
#.#.# ...
#.#.# #g#
#.#.# #@##
#########
####.#.#
##.#
#.......#
.....#.#####
#.##
#######.#
######.....#
##.#
######.#
#######
##.##
#....).#
##...#
#.######
#....# #.# #
##..## #.# #
#....# #.#


You could see Crazy Yiuf.

Vanquished Creatures
  An adder (D:2)
  6 bats
  3 endoplasms
  2 giant cockroaches (D:1)
  2 hobgoblins
  3 quokkas (D:1)
  4 ball pythons
  5 goblins (D:2)
  A kobold (D:2)
  2 rats (D:1)
29 creatures vanquished.

Notes
Turn   | Place    | Note
-------+----------+-------------------------------------------
     0 | D:1      | browni3141 the Minotaur Fighter began the quest for the
                  | Orb.
     0 | D:1      | Reached XP level 1. HP: 19/19 MP: 0/0
   175 | D:1      | Reached XP level 2. HP: 27/27 MP: 1/1
   781 | D:2      | Reached XP level 3. HP: 33/33 MP: 2/2
   912 | D:2      | Found a runed translucent door.
   913 | D:2      | Noticed Crazy Yiuf
  1383 | D:2      | Paralysed by Crazy Yiuf for 1 turns
  1384 | D:2      | Slain by Crazy Yiuf

Illustrated notes

Levels and vault maps discovered:
D:1:      heliophobic_arrival_enchanted_forest, layout_loops_cross,
          st_stairs_12, chequers_serial_rivers_micro_b, minmay_tromino_v4_b
D:2:      layout_loops_ring, uniq_crazy_yiuf_cottage

Skill      XL: |  1  2 |
---------------+-------+-----
Axes           | 3 |  3.4
Fighting       | 4 |  4.0
Armour         | 4 |  4.1
Shields        | 4 |  4.0

Action                     || total
---------------------------++-------
  Melee: War axe           ||    50
         Headbutt          ||     7
 Armour: Scale mail        ||    22
         Plate armour      ||    15
  Dodge: Dodged            ||    34
  Block: Buckler           ||    13
